 Dungeon Crawl Stone Soup version 0.28.0 (webtiles) character file.

Game seed: 1140717013232455013

68058 chmiii the Warrior (level 15, -31/117 (122) HPs)
             Began as a Merfolk Gladiator on Feb 3, 2022.
             Was the Champion of Hepliaklqana.
             Killed from afar by a tengu reaver (44 damage)
             ... with a bolt of lightning
             ... on level 12 of the Dungeon on Feb 4, 2022.
             The game lasted 02:21:08 (22040 turns).

chmiii the Warrior (Merfolk Gladiator)             Turns: 22040, Time: 02:21:08

HP:   -31/117 (122) AC: 18    Str: 28    XL:     15   Next: 25%
MP:   18/18         EV: 17    Int:  9    God:    Hepliaklqana [******]
Gold: 1259          SH:  5    Dex: 18    Spells: 14/14 levels left

rFire   . . .      SeeInvis .   a - +4 halberd (freeze)
rCold   + . .      Faith    .   (shield currently unavailable)
rNeg    . . .      Spirit   .   A - +0 chain mail {rPois}
rPois   +          Reflect  +   c - +0 helmet
rElec   .          Harm     .   D - +1 cloak
rCorr   .          Rampage  .   J - +2 pair of gloves "Pydoonaa" {-Cast Will+ Str+4}
Will    ++...      NoCast   +   v - +0 pair of boots
Stlth   +.........              s - amulet of reflection
HPRegen 0.29/turn               p - +4 ring of slaying
MPRegen 0.16/turn               z - ring "Tuaheafra" {+Blink rC+ Str+6}

@: hasted, lightly drained, very quick
A: reduced essence, (nimble swimmer 2), mertail
a: Renounce Religion, Evoke Blink, Recall Ancestor, Ancestor Identity,
Transference, Idealise


You were on level 12 of the Dungeon.
You worshipped Hepliaklqana.
Hepliaklqana was exalted by your worship.
You visited 3 branches of the dungeon, and saw 19 of its levels.
You also visited: Sewer.

You collected 1259 gold pieces.

Inventory:

Hand Weapons
 a - a +4 halberd of freezing (weapon)
 b - a +0 hunting sling
 w - a +1 trident of freezing
Missiles
 d - 7 throwing nets
 e - 4 boomerangs of dispersal (quivered)
 g - 31 poisoned darts
 i - 6 datura-tipped darts
 k - 97 sling bullets
 q - 2 boomerangs
 B - 3 silver boomerangs
Armour
 c - a +0 helmet (worn)
 v - a +0 pair of boots (worn)
 A - a +0 chain mail of poison resistance (worn)
 D - a +1 cloak (worn)
 J - the +2 pair of gloves "Pydoonaa" (worn) {-Cast Will+ Str+4}
   (You acquired it on level 10 of the Dungeon)

   Str:       It affects your strength (+4).
   -Cast:     It prevents spellcasting.
   Will:      It increases your willpower.
Jewellery
 p - a +4 ring of slaying (left hand)
 s - an amulet of reflection (around neck)
 u - a ring of see invisible
 z - the ring "Tuaheafra" (right hand) {+Blink rC+ Str+6}
   (You found it in a sewer)

   [ring of strength]

   Str:       It affects your strength (+6).
   rC:        It protects you from cold.
   +Blink:    It lets you blink.
 H - a ring of willpower
Wands
 h - a wand of flame (34)
 l - a wand of digging (2)
 t - a wand of charming (10)
 C - a wand of paralysis (6)
 I - a wand of iceblast (24)
 T - a wand of polymorph (13)
 W - a wand of mindburst (5)
Scrolls
 j - 6 scrolls of magic mapping
 x - 4 scrolls of amnesia
 y - 3 scrolls of fog
 E - 3 scrolls of teleportation
 G - a scroll of blinking
 K - 4 scrolls of immolation
 O - a scroll of silence
 P - 3 scrolls of identify
 Q - 3 scrolls of brand weapon
 X - a scroll of fear
Potions
 f - a potion of ambrosia
 n - 10 potions of curing
 o - 5 potions of flight
 r - 4 potions of heal wounds
 U - 4 potions of might
 Z - a potion of haste
Miscellaneous
 N - a piece from Xom's chessboard (15/15)
 Y - a lightning rod (4/4)


   Skills:
 * Level 17.9 Fighting
 + Level 16.7 Polearms
 - Level 2.0 Throwing
 - Level 6.0 Armour
 + Level 14.9 Dodging
 + Level 8.0 Stealth
 + Level 4.8 Invocations
 - Level 8.0 Evocations


You had 14 spell levels left.
You didn't know any spells.
Your spell library contained the following spells:

 Spells                   Type           Power      Damage    Failure   Level
 Apportation              Tloc           0%         N/A       90%         1
 Magic Dart               Conj           0%         1d3       90%         1
 Call Imp                 Summ           0%         N/A       97%         2
 Ensorcelled Hibernation  Hex/Ice        0%         N/A       97%         2
 Passwall                 Tmut/Erth      0%         N/A       97%         2
 Scorch                   Fire           0%         2d5       97%         2
 Sublimation of Blood     Necr           0%         N/A       97%         2
 Conjure Flame            Conj/Fire      0%         6-21      99%         3
 Gell's Gravitas          Tloc           0%         N/A       99%         3
 Mephitic Cloud           Conj/Pois/Air  0%         N/A       99%         3
 Portal Projectile        Hex/Tloc       0%         N/A       99%         3
 Summon Guardian Golem    Hex/Summ       0%         N/A       99%         3
 Swiftness                Air            0%         N/A       99%         3
 Teleport Other           Tloc           0%         N/A       99%         3
 Cause Fear               Hex            0%         N/A       100%        4
 Flame Wave               Conj/Fire      0%         2d4       100%        4
 Petrify                  Tmut/Erth      0%         N/A       100%        4
 Alistair's Intoxication  Tmut/Pois      0%         N/A       100%        5
 Blade Hands              Tmut           0%         N/A       100%        5
 Excruciating Wounds      Necr           0%         N/A       100%        5
 Irradiate                Conj/Tmut      0%         3d13      100%        5
 Iskenderun's Battlesphe  Conj           0%         2d6       100%        5
 Dispersal                Tloc           0%         N/A       100%        6
 Starburst                Conj/Fire      0%         6d3       100%        6
 Summon Cactus Giant      Summ           0%         N/A       100%        6
 Dragon Form              Tmut           0%         N/A       100%        7
 Dragon's Call            Summ           0%         N/A       100%        9


Dungeon Overview and Level Annotations

Branches:
Dungeon (12/15)            Temple (1/1) D:7            Lair (6/6) D:10
  Swamp (0/4) Lair:2        Snake (0/4) Lair:3        Slime (0/5) Lair:5
    Orc (0/2) D:11          Sewer (visited)

Altars:
Ashenzari
Cheibriados
Dithmenos
Elyvilon
Fedhas
Gozag
Hepliaklqana
Kikubaaqudgha
Makhleb
Nemelex Xobeh
Okawaru
Qazlal
Ru
Sif Muna
Trog
Uskayaw
Vehumet
Wu Jian
Xom
Yredelemnul
Zin
The Shining One
Jiyva
Lugonu

Shops:
D:7 [

Annotations:
D:7 exclusion: downstairs
D:8 exclusion: downstairs
D:12 1 runed translucent door
Lair:2 exclusion: upstairs


Innate Abilities, Weirdness & Mutations

Your life essence is reduced to manifest your ancestor. (-10% HP)
((You are very nimble when in or above water. (Stealth+, EV+, Speed+++)))
Your lower body shifts to a powerful aquatic tail in water.


Message History

You hear an angry buzzing noise.
As you read the scroll of teleportation, it crumbles to dust.
You feel strangely unstable.
Deactivating autopickup; reactivate with Ctrl-A.
You impale something!! You freeze something!
You hear a howl!
Something hits you but does no damage.
You hear a shout! x2
You completely miss something. Something hits you but does no damage.
A howler monkey comes into view.
A howler monkey is nearby!
Something hits you.
* * * LOW HITPOINT WARNING * * *
A howler monkey is nearby!
A howler monkey is nearby!
You slash something! You freeze something.
Reactivating autopickup.
You feel a bit more experienced.
Found a runed translucent door.
Your surroundings suddenly seem different.
You block the tengu reaver's attack.
The tengu reaver pecks you but does no damage.
The tengu reaver claws you but does no damage.
Okay, then.
Throw: 6 boomerangs (disperse)
Press: ? - help, Q - select action, (/) - cycle Shift-Dir - straight line, f/p - tengu reaver
Aim: a tengu reaver, wielding a +0 long sword, wearing a +3 ring mail of fire resistance and wearing a +2 buckler (58% to hit)
You throw a boomerang of dispersal.
The tengu reaver blocks the boomerang of dispersal.
The tengu reaver casts a spell at you. The bolt of negative energy hits you!!
You feel drained.
* * * LOW HITPOINT WARNING * * *
Throw: 5 boomerangs (disperse)
Press: ? - help, Q - select action, (/) - cycle Shift-Dir - straight line, f/p - tengu reaver
Aim: a tengu reaver, wielding a +0 long sword, wearing a +3 ring mail of fire resistance and wearing a +2 buckler (58% to hit)
You throw a boomerang of dispersal.
The boomerang of dispersal hits the tengu reaver but does no damage.
The tengu reaver casts a spell at you. The bolt of lightning hits you!!!
You die...

..⌠..##!.....###.#
.....# #.....)#.#
#...## [.....#.#
#...# #....#.#
##### #[...#.#
###)#.# ###...#.#
###.....#Q#
#.....).#@#
#...⌠...).#
#.......#.#
###.....#.#
###...#.# ####'#.#
#)..†#.#
###.)..#.#
#......#.#


You could see a tengu reaver.

Vanquished Creatures
  Gastronok (D:9)
  Snorg (Lair:3)
  Erolcha (D:8)
  2 boulder beetles
  Harold (Lair:2)
  5 hydras
  The ghost of DemonSlayer the Eclecticist, a journeyman DECj of Vehumet (Lair:1)
  A catoblepas (Lair:6)
  An ogre mage (D:12)
  A two-headed ogre (D:9)
  A deep troll earth mage (D:12)
  A deep troll shaman (Lair:6)
  9 death yaks
  A fire crab (shapeshifter) (D:12)
  4 cyclopes
  2 ugly things
  9 elephants
  4 black mambas
  A torpor snail (Lair:2)
  12 cane toads
  An unseen horror (D:12)
  7 komodo dragons
  A yaktaur (D:12)
  A kobold demonologist (D:10)
  A rime drake (Lair:6)
  2 trolls (D:9)
  3 polar bears
  25 blink frogs
  2 tyrant leeches (Lair:2)
  5 dream sheep (Lair:6)
  2 shadows
  Sigmund (D:4)
  5 wraiths
  9 wyverns
  A vampire (D:11)
  63 yaks
  A basilisk (Lair:3)
  4 steam dragons
  A warg (D:11)
  A swamp worm (Lair:2)
  20 water moccasins
  3 orc warriors
  35 wolves
  An ogre (D:7)
  7 centaurs
  2 phantoms
  The ghost of Malroth the Stinger, an amateur MfVM of Sif Muna (D:4)
  A kobold brigand (D:4)
  15 bullfrogs
  Blork the orc (D:4)
  4 scorpions
  2 wyvern zombies
  A gnoll sergeant (D:11)
  A wyvern skeleton (D:7)
  2 water moccasin skeletons
  Dowan (D:7)
  11 killer bees
  7 wights
  A vampire bat (D:4)
  2 howler monkeys
  4 electric eels
  A bullfrog zombie (D:5)
  3 hounds
  2 centaur zombies
  A jelly (D:5)
  3 orc priests
  A gnoll shaman (D:8)
  Ijyb (D:4)
  A bullfrog skeleton (D:5)
  2 centaur skeletons
  12 orc wizards
  Natasha (thrice) (D:2)
  An iguana (D:5)
  A mummy (D:5)
  A howler monkey zombie (D:7)
  6 gnolls
  10 adders
  A howler monkey skeleton (D:7)
  A river rat (D:4)
  A shadow imp (D:8)
  2 white imps
  2 worms
  4 dart slugs
  3 fire bats (D:4)
  30 orcs
  2 spectral bats (D:4)
  A bat simulacrum (D:4)
  3 bat skeletons (D:4)
  A bat zombie (D:4)
  13 endoplasms
  15 giant cockroaches
  5 goblins
  12 hobgoblins
  4 jackals (D:3)
  13 quokkas
  12 ball pythons
  19 bats
  11 frilled lizards
  21 kobolds
  7 rats
549 creatures vanquished.

Vanquished Creatures (collateral kills)
  Josephine (D:11)
  2 hydras
  A centaur warrior (D:12)
  A lindwurm (Lair:4)
  4 elephants (Lair:6)
  4 cane toads
  2 komodo dragons
  A blink frog (Lair:2)
  A dream sheep (Lair:6)
  A wraith (D:11)
  3 yaks
  A basilisk (Lair:1)
  A steam dragon (D:9)
  Duvessa (D:7)
  2 swamp worms (Lair:2)
  A water moccasin (D:9)
  2 orc warriors
  6 wolves
  A centaur (D:6)
  A kobold brigand (D:8)
  3 bullfrogs
  5 killer bees
  A wight (D:9)
  An orc priest (D:8)
  3 orc wizards
  2 gnolls (D:11)
  7 orcs
  A hobgoblin (D:11)
60 creatures vanquished.

Vanquished Creatures (others)
  14 hexers
  A bush (Lair:3)
  59 fungi
  75 plants
149 creatures vanquished.

Grand Total: 758 creatures vanquished

Notes
Turn   | Place    | Note
-------+----------+-------------------------------------------
     0 | D:1      | chmiii the Merfolk Gladiator began the quest for the Orb.
     0 | D:1      | Reached XP level 1. HP: 16/16 MP: 1/1
   140 | D:1      | Reached XP level 2. HP: 23/23 MP: 2/2
   261 | D:1      | Found a faded altar of an unknown god.
   272 | D:1      | Reached skill level 3 in Fighting
   272 | D:1      | Noticed a great orb of eyes
   273 | D:1      | Noticed a shining eye
   273 | D:1      | Noticed a golden eye
   273 | D:1      | Noticed a great orb of eyes
   529 | D:1      | Reached XP level 3. HP: 29/29 MP: 3/3
   845 | D:2      | Reached skill level 5 in Polearms
  1462 | D:2      | Reached XP level 4. HP: 36/36 MP: 4/4
  1641 | D:2      | Noticed Natasha
  1646 | D:2      | Killed Natasha
  1804 | D:2      | Reached skill level 4 in Fighting
  2139 | D:2      | Noticed Natasha
  2150 | D:2      | Killed Natasha
  2151 | D:2      | Reached skill level 5 in Dodging
  2151 | D:2      | Reached XP level 5. HP: 31/42 MP: 5/5
  2242 | D:2      | Noticed Natasha
  2245 | D:2      | Killed Natasha
  2885 | D:3      | Found a blossoming altar of Fedhas.
  2943 | D:3      | Found an ornate altar of the Wu Jian Council.
  2944 | D:3      | Found a basalt altar of Yredelemnul.
  2945 | D:3      | Found a broken altar of Ashenzari.
  3454 | D:4      | Noticed Ijyb
  3466 | D:4      | Killed Ijyb
  3467 | D:4      | Reached skill level 5 in Fighting
  3467 | D:4      | Reached XP level 6. HP: 50/51 MP: 6/6
  3496 | D:4      | Found a runed translucent gate.
  3540 | D:4      | Found a glowing drain.
  3550 | Sewer    | Entered a sewer
  3826 | Sewer    | Reached skill level 6 in Fighting
  3826 | Sewer    | Reached XP level 7. HP: 47/58 MP: 7/7
  3835 | Sewer    | Identified the ring "Tuaheafra" {+Blink rC+ Str+6}
  3987 | D:4      | Noticed Sigmund
  4011 | D:4      | Killed Sigmund
  4179 | D:4      | Reached skill level 1 in Armour
  4257 | D:4      | Reached skill level 7 in Fighting
  4450 | D:4      | Found a hazy altar of Hepliaklqana.
  4451 | D:4      | Found a shimmering altar of Xom.
  4452 | D:4      | Noticed a spectral ugly thing
  4484 | D:4      | Found a runed translucent gate.
  4486 | D:4      | Found a runed translucent gate.
  4490 | D:4      | Noticed Malroth's ghost (amateur MfVM)
  4615 | D:4      | Noticed Blork the orc
  4618 | D:4      | Killed Blork the orc
  4619 | D:4      | Reached XP level 8. HP: 67/67 MP: 8/8
  4925 | D:4      | Killed Malroth's ghost
  5097 | D:4      | Became a worshipper of Hepliaklqana the Forgotten
  5131 | D:5      | Entered Level 5 of the Dungeon
  5285 | D:5      | Reached skill level 8 in Fighting
  5550 | D:5      | Found a shimmering blue altar of Sif Muna.
  5749 | D:5      | Found a snail-covered altar of Cheibriados.
  5840 | D:6      | Reached * piety under Hepliaklqana
  6133 | D:6      | Reached XP level 9. HP: 17/67 MP: 9/9
  6611 | D:6      | Reached skill level 9 in Fighting
  6611 | D:6      | Reached skill level 1 in Evocations
  6904 | D:6      | Reached ** piety under Hepliaklqana
  6905 | D:6      | Remembered your ancestor Jobu as a hexer
  7316 | D:7      | Found Heegubo's Armour Shop.
  7327 | D:7      | Found a staircase to the Ecumenical Temple.
  7436 | D:7      | Noticed Duvessa
  7436 | D:7      | Noticed Dowan
  7442 | D:7      | Killed Duvessa
  7446 | D:7      | Killed Dowan
  7813 | D:7      | Found a sacrificial altar of Ru.
  7853 | D:7      | Found a stormy altar of Qazlal.
  8413 | D:8      | Reached skill level 10 in Fighting
  8422 | D:8      | Reached skill level 10 in Polearms
  8550 | D:8      | Noticed an eight-headed hydra
  8782 | D:8      | Killed an eight-headed hydra
  8783 | D:8      | Reached XP level 10. HP: 43/77 MP: 10/10
  9412 | D:8      | Found a white marble altar of Elyvilon.
  9759 | D:9      | Noticed Erolcha
  9774 | D:8      | Killed Erolcha
  9775 | D:8      | Reached skill level 11 in Fighting
 10074 | D:9      | Reached *** piety under Hepliaklqana
 10095 | D:9      | Found an ancient bone altar of Kikubaaqudgha.
 10976 | D:9      | Noticed a cyclops
 10985 | D:9      | Killed a cyclops
 10986 | D:9      | Reached XP level 11. HP: 85/85 MP: 11/11
 11098 | D:9      | Noticed Gastronok
 11113 | D:9      | Killed Gastronok
 11114 | D:9      | Reached skill level 12 in Fighting
 11114 | D:9      | Reached skill level 5 in Evocations
 11162 | D:9      | Reached skill level 5 in Armour
 11260 | D:9      | Noticed a two-headed ogre
 11292 | D:9      | Killed a two-headed ogre
 11523 | D:9      | Found a burning altar of Makhleb.
 11622 | Temple   | Entered the Ecumenical Temple
 11702 | D:10     | Entered Level 10 of the Dungeon
 11858 | D:10     | Found a staircase to the Lair.
 11892 | D:10     | Identified a scroll of acquirement
 11893 | D:10     | Acquired the +2 pair of gloves "Pydoonaa" {-Cast Will+
                  | Str+4}
 11968 | D:10     | Identified the +1 leather armour "Entothoy" {rPois rC-
                  | Str+8 Int-4}
 11996 | D:10     | Found a glowing silver altar of Zin.
 12181 | D:11     | Reached skill level 10 in Dodging
 12271 | D:11     | Found a staircase to the Orcish Mines.
 12424 | D:11     | Noticed a cyclops
 12484 | D:11     | Killed a cyclops
 12592 | D:11     | Reached **** piety under Hepliaklqana
 12625 | D:11     | Noticed a red ugly thing
 12649 | D:11     | Killed a red ugly thing
 12972 | D:11     | Noticed a cyclops
 12991 | D:11     | Killed a cyclops
 12992 | D:11     | Reached skill level 13 in Fighting
 13288 | D:11     | Reached XP level 12. HP: 88/94 MP: 12/12
 13310 | D:11     | Noticed Josephine
 13335 | D:11     | Killed Josephine
 13869 | Lair:1   | Entered Level 1 of the Lair of Beasts
 13922 | Lair:1   | Noticed an eight-headed hydra
 14285 | Lair:1   | Found a runed translucent gate.
 14287 | Lair:1   | Found a runed translucent gate.
 14287 | Lair:1   | Found a runed translucent gate.
 14289 | Lair:1   | Noticed DemonSlayer's ghost (journeyman DECj)
 14577 | Lair:1   | Killed a 12-headed hydra
 14854 | Lair:1   | Reached skill level 14 in Fighting
 15198 | Lair:2   | Noticed Harold
 15210 | Lair:2   | Killed Harold
 15346 | Lair:2   | Found a staircase to the Swamp.
 15346 | Lair:2   | Noticed a five-headed hydra
 15346 | Lair:2   | Noticed an eight-headed hydra
 15407 | Lair:2   | Killed an eight-headed hydra
 15413 | Lair:2   | Killed a five-headed hydra
 15567 | Lair:2   | Reached XP level 13. HP: 102/102 MP: 13/13
 16366 | Lair:3   | Noticed Snorg
 16366 | Lair:3   | Reached ***** piety under Hepliaklqana
 16380 | Lair:3   | Killed Snorg
 16381 | Lair:3   | Reached skill level 15 in Fighting
 16455 | Lair:3   | Found a staircase to the Snake Pit.
 16530 | Lair:3   | Reached skill level 1 in Stealth
 17692 | Lair:4   | Reached skill level 15 in Polearms
 17841 | Lair:4   | Reached skill level 16 in Fighting
 17915 | Lair:4   | Identified the +1 plate armour "Hodghekhe" {Will+++ rCorr
                  | MP-9 Dex-4}
 18535 | Lair:3   | Reached XP level 14. HP: 112/112 MP: 14/14
 18607 | Lair:3   | Reached skill level 5 in Stealth
 19331 | Lair:5   | Found a staircase to the Slime Pits.
 19332 | Lair:5   | Found a viscous altar of Jiyva.
 19372 | Lair:5   | Reached skill level 1 in Invocations
 19512 | Lair:5   | Upgraded the game from 0.28-b1-70-g80dc712255 to 0.28.0
 20007 | Lair:6   | Entered Level 6 of the Lair of Beasts
 20250 | Lair:6   | Reached skill level 17 in Fighting
 20485 | Lair:6   | Reached ****** piety under Hepliaklqana
 21101 | Lair:6   | Reached XP level 15. HP: 115/120 MP: 18/18
 21178 | Lair:6   | Identified the +0 robe of Raeklosh {rC+ Will+ SInv}
 21633 | Lair:1   | Killed DemonSlayer's ghost
 21932 | D:12     | Found the +10 zealot's sword {holy, *Rage rN+ EV+3}
 21959 | D:12     | Got the Catalogue of Battle Magic and Illusion
 21996 | D:12     | Noticed a tengu reaver
 22038 | D:12     | Found a runed translucent door.
 22040 | D:12     | Killed from afar by a tengu reaver

Illustrated notes

Levels and vault maps discovered:
D:1:      heliophobic_arrival_glass_houses, layout_rooms,
          hellmonk_ecumenical_altar_watching_god
D:2:      layout_loops_ring, grunt_ministairs_9, minmay_box_of_dots,
          uniq_natasha
D:3:      layout_loops_corners, chequers_temple_overflow_statue_of_worship,
          fedhas_altar_fruit_tree, grunt_ministairs_3, minivault_5,
          kennysheep_generic_room_15
D:4:      layout_loops_cross, regret_index_temple_of_mockery,
          gammafunk_ghost_nasty_kobolds, gup_sewer_entry_bubbles,
          goddamned_bats, uniq_sigmund, uniq_ijyb, uniq_blork_the_orc
D:5:      layout_gridville, slow_altar_2, mainiacjoe_overflow_alcove_1,
          serial_bayou, serial_bayou_shore_b, serial_bayou_pond_d,
          serial_bayou_pond_d, serial_bayou_crossing
D:6:      layout_layer_cave
D:7:      kb_forest_paths, layout_loops_ring,
          mainiacjoe_overflow_catch_the_wave, serial_shops, shop, uniq_duvessa
D:8:      layout_rooms, marbit_many_paths, serial_bayou_pond_c
D:9:      kennysheep_steamy, layout_cave_pods, mainiacjoe_overflow_boulevard,
          lightli_temple_of_fire, uniq_gastronok, uniq_erolcha
D:10:     layout_rooms, zin_statuary, lair_entry_dummy
D:11:     layout_irregular_city, erik_orc_4, uniq_josephine
D:12:     minmay_the_grid_triangle_9x9_recursive_3_mashed
          [minmay_the_grid_triangle_9x9_zippers_horizontal,
          minmay_the_grid_triangle_9x9_wacky_v,
          minmay_the_grid_triangle_9x9_impossible_snake,
          minmay_the_grid_triangle_9x9_prize_schism,
          minmay_the_grid_triangle_9x9_intruding_spiral,
          minmay_the_grid_triangle_9x9_windchime,
          minmay_the_grid_triangle_9x9_stretched_checkered,
          minmay_the_grid_triangle_9x9_subtriangle,
          minmay_the_grid_triangle_9x9_corruption], layout_rooms,
          nicolae_rejected_hall
Temple:   corrupted_temple
Lair:1:   layout_loops_ring, ebering_ghost_rock_garden
Lair:2:   layout_concentric_octagons, palyth_hydra_swamp_entry, uniq_harold
Lair:3:   layout_gridlike, dummy_snake_entry, nicolae_volcano_entry_lava_flow,
          grunt_forest_large_clearings, serial_bayou_shore_a, uniq_snorg
Lair:4:   nzn_winding_woodlands_three_and_one
          [nzn_winding_woodlands_5x15_longhouse,
          nzn_winding_woodlands_5x15_crooked, nzn_winding_woodlands_5x15_cabin,
          nzn_winding_woodlands_center_diamonds], layout_cave_pods,
          infiniplex_staircase_pool_2, lemuel_fruit_tree
Lair:5:   layout_regular_city, slime_altar_1, minmay_holes, lemuel_old_faithful
Lair:6:   grunt_lair_end_beastmaster, layout_regular_city

Skill      XL: |  1  2  3  4  5  6  7  8  9 10 11 12 13 14 15 |
---------------+----------------------------------------------+-----
Fighting       | 3 4 5 6 7 8 10 11 13 14 16 17 | 17.9
Polearms       | 5 6 7 9 10 11 12 13 15 16 | 16.7
Dodging        | 5 6 8 9 10 12 13 14 | 14.9
Armour         | 1 2 4 5 6 |  6.0
Evocations     | 3 4 6 7 8 |  8.0
Stealth        | 4 7 8 |  8.0
Invocations    | 4 |  4.8
Throwing       | |  2.0

Action                   |  1- 3 |  4- 6 |  7- 9 | 10-12 | 13-15 || total
-------------------------+-------+-------+-------+-------+-------++-------
Melee: Trident           |   137 |   175 |   245 |    86 |    90 ||   733
       Punch             |     1 |     1 |     1 |     1 |     3 ||     7
       Tailslap          |       |     2 |     1 |       |       ||     3
       Halberd           |       |       |       |   314 |   565 ||   879
 Fire: Hunting sling     |       |       |     8 |    49 |     8 ||    65
Throw: Boomerang         |       |    39 |    30 |    16 |     2 ||    87
       Dart              |       |       |       |    49 |     8 ||    57
Invok: Ancestor Identity |       |       |     2 |     1 |       ||     3
       Ancestor Life: He |       |       |     1 |       |       ||     1
       Recall Ancestor   |       |       |       |     1 |       ||     1
 Abil: Evoke Blink       |       |       |       |     1 |     1 ||     2
Evoke: Wand              |       |       |     3 |       |     2 ||     5
  Use: Scroll            |       |     3 |    10 |     6 |     8 ||    27
       Potion            |       |       |     1 |     3 |     2 ||     6
 Stab: Sleeping          |       |     2 |       |       |       ||     2
       Distracted        |       |       |     2 |     2 |     6 ||    10
       Confused          |       |       |     1 |     6 |     7 ||    14
       Paralysed         |       |       |       |       |     2 ||     2
Armor: Leather armour    |     4 |       |       |       |       ||     4
       Ring mail         |    23 |    29 |       |       |       ||    52
       Chain mail        |       |       |   109 |   120 |   174 ||   403
Dodge: Dodged            |    66 |    65 |    90 |   167 |   252 ||   640
Block: Other             |       |       |    27 |    64 |    86 ||   177
       Reflection        |       |       |     2 |     5 |     1 ||     8
